 Dungeon Crawl Stone Soup version 0.13-a0-2606-g170388b (webtiles) character file.

260 Kae the Chiller (level 4, -2/33 HPs)
             Began as a Draconian Ice Elementalist on Aug 4, 2013.
             Slain by horsemans' ghost (11 damage)
             ... on Level 3 of the Dungeon.
             The game lasted 00:03:12 (1851 turns).

Kae the Chiller (Draconian Ice Elementalist)        Turns: 1851, Time: 00:03:12

HP  -2/33        AC  6     Str  9 (10) XL: 4   Next: 73%
MP   2/8         EV 12     Int 16      God:
Gold 141         SH  0     Dex 12      Spells:  1 memorised,  6 levels left

Res.Fire  : . . .   See Invis. : .   j - +0 short sword
Res.Cold  : . . .   Warding    : .   (armour unavailable)
Life Prot.: . . .   Conserve   : .   (no shield)
Res.Poison: .       Res.Corr.  : .   (helmet restricted)
Res.Elec. : .       Clarity    : .   (no cloak)
Sust.Abil.: . .     Spirit.Shd : .   (no gloves)
Res.Mut.  : .       Stasis     : .   t - +0 pair of orc boots
Res.Rott. : .       Flight     : .   (no amulet)
Saprovore : . . .                    (no ring)
                                     (no ring)

@: slightly resistant to hostile enchantments, unstealthy
A: unfitting armour, AC +5
a: no special abilities


You were on level 3 of the Dungeon.
You were not hungry.

You visited 1 branch of the dungeon, and saw 3 of its levels.

You collected 121 gold pieces.

Inventory:

Hand weapons
 j - a +0,+0 short sword (weapon)
Armour
 t - a +0 pair of orcish boots (worn)
Comestibles
 c - 3 bread rations
 g - a meat ration
 l - a choko
 r - 3 pears
Scrolls
 a - 2 scrolls of teleportation {unknown}
 d - a scroll of noise {unknown}
 f - 2 scrolls of remove curse {unknown}
 h - 2 scrolls of curse weapon {unknown}
 i - 3 scrolls of identify {unknown}
 k - a scroll of fear {unknown}
 m - a scroll of fog {unknown}
 n - a scroll of enchant weapon I {unknown}
 u - a scroll of blinking {unknown}
Potions
 e - a potion of heal wounds {unknown}
 o - a potion of might {unknown}
 q - a potion of cure mutation {unknown}
 s - a potion of speed {unknown}
 v - a potion of restore abilities {unknown}
 w - a potion of brilliance {unknown}
Books
 b - a book of Frost

   Spells                             Type                      Level
   *Freeze                            Ice                          1
   Throw Frost                        Conjuration/Ice              2
   Ozocubu's Armour                   Charms/Ice                   3
   Throw Icicle                       Conjuration/Ice              4
   Summon Ice Beast                   Ice/Summoning                4
   Condensation Shield                Ice                          4


   Skills:
 - Level 1.7 Dodging
 - Level 1.7 Stealth
 + Level 2.4 Spellcasting
   Level 1.0 Conjurations
 * Level 4.8 Ice Magic


You had 6 spell levels left.
You knew the following spells:

 Your Spells              Type           Power        Failure   Level  Hunger
a - Freeze                Ice            ###.         3%          1    #......


Dungeon Overview and Level Annotations

Branches:
Dungeon (3/27)

Altars:

Annotations
D:3 horsemans' ghost, average MiFi


Message History

Horsemans' ghost is moderately damaged.
Horsemans' ghost hits you!
Casting: Freeze
Confirm with . or Enter, or press ? or * to list all spells.
Aiming: Freeze
Press: ? - help, Shift-Dir - straight line, f/p - horsemans' ghost
Aim: horsemans' ghost (moderately damaged)
You freeze horsemans' ghost.
Horsemans' ghost is moderately damaged.
Horsemans' ghost hits you.
* * * LOW HITPOINT WARNING * * *
Casting: Freeze
Confirm with . or Enter, or press ? or * to list all spells.
Aiming: Freeze
Press: ? - help, Shift-Dir - straight line, f/p - horsemans' ghost
Aim: horsemans' ghost (moderately damaged)
You freeze horsemans' ghost.
Horsemans' ghost is heavily damaged.
Horsemans' ghost hits you!
You die...

######### ........#
#######.#################
#####..%....>.@p.?.....
#...........###########
###.###.#####.# ........#
#.......# ####.##.#
#####.... #.##.# .# #
#.##.# . ####.##.# #
.......<# #


You could see horsemans' ghost.

Vanquished Creatures
  A crimson imp (D:3)
  2 adders (D:2)
  A worm (D:2)
  An ooze (D:1)
  2 orcs (D:3)
  2 giant cockroaches
  9 hobgoblins
  2 jackals (D:3)
  A ball python (D:3)
  7 bats
  7 giant newts
  6 goblins
  8 kobolds
  11 rats
60 creatures vanquished.

Vanquished Creatures (others)
  4 toadstools (D:1)
4 creatures vanquished.

Grand Total: 64 creatures vanquished

Notes
Turn   | Place    | Note
--------------------------------------------------------------
     0 | D:1      | Kae, the Draconian Ice Elementalist, began the quest for the Orb.
     0 | D:1      | Reached XP level 1. HP: 14/14 MP: 3/3
   162 | D:1      | Reached XP level 2. HP: 14/20 MP: 2/4
   713 | D:2      | Paralysed by a potion of paralysis for 4 turns
   811 | D:2      | Reached XP level 3. HP: 24/26 MP: 3/6
   902 | D:2      | Reached skill level 4 in Ice Magic
  1488 | D:3      | Reached XP level 4. HP: 31/33 MP: 8/8
  1842 | D:3      | Noticed horsemans' ghost (average MiFi)
  1851 | D:3      | Slain by horsemans' ghost

Action                   |  1- 3 |  4- 6 || total
-------------------------+-------+-------++-------
Melee: Unarmed           |    10 |       ||    10
       Short sword       |    54 |    18 ||    72
 Cast: Freeze            |    53 |    19 ||    72
  Use: Potion            |     3 |       ||     3
 Stab: Sleeping          |     1 |       ||     1
